 Dungeon Crawl Stone Soup version 0.25.0-8-gfd19cd77bd (webtiles) character file.

Game seed: 13294717675005311883

4 DeadF the Vexing (level 1, 0/7 HPs)
             Began as a Felid Enchanter on June 16, 2020.
             Succumbed to an adder's poison
             ... on level 2 of the Dungeon.
             The game lasted 00:01:08 (868 turns).

DeadF the Vexing (Felid Enchanter)                   Turns: 868, Time: 00:01:09

Health: 0/7        AC:  1    Str:  4    XL:     1   Next: 58%
Magic:  1/4        EV: 18    Int: 16    God:
Gold:   35         SH:  0    Dex: 16    Spells: 3/4 levels left
                                        Lives:  0   Deaths: 0

rFire    . . .     SeeInvis +     - Unarmed
rCold    . . .     Gourm    .   (shield unavailable)
rNeg     . . .     Faith    .   (armour unavailable)
rPois    .         Spirit   .   (helmet unavailable)
rElec    .         Reflect  .   (cloak unavailable)
rCorr    .         Harm     .   (gloves unavailable)
MR       .....                  (boots unavailable)
Stlth    +++.......             (no amulet)
HPRegen  0.02/turn              (no ring)
MPRegen  0.09/turn              (no ring)

@: lethally poisoned (0 -> -6), very slightly contaminated, quick
A: very small, no armour, no weapons or thrown items, stealth, claws 1, fangs 3,
see invisible, carnivore, speed 1, shaggy fur 1, slow metabolism 1, sharp paws
a: no special abilities


You were on level 2 of the Dungeon.
You were not hungry.

You visited 1 branch of the dungeon, and saw 2 of its levels.

You collected 35 gold pieces.

Inventory:

Scrolls
 a - a scroll of enchant weapon {unknown}
Comestibles
 b - 2 rations


   Skills:
 + Level 2.8 Dodging
 + Level 4.2 Stealth
 - Level 1.1 Unarmed Combat
 - Level 2.0 Spellcasting
 - Level 4.4 Hexes


You had 3 spell levels left.
You knew the following spells:

 Your Spells              Type           Power        Failure   Level  Hunger
a - Corona                Hex            ###....      3%          1    #......

Your spell library contained the following spells:

 Spells                   Type           Power        Failure   Level  Hunger
 Confusing Touch          Hex            ###.....     10%         3    ###....
 Tukima's Dance           Hex            ###.....     10%         3    ###....
 Ensorcelled Hibernation  Hex/Ice        #.....       12%         2    ###....
 Dazzling Flash           Conj/Hex       #.....       24%         3    ###....


Dungeon Overview and Level Annotations

Branches:
Dungeon (2/15)

Altars:


Innate Abilities, Weirdness & Mutations

You cannot wear armour.
You are incapable of wielding weapons or throwing items.
Your paws allow you to move quietly. (Stealth)
You have sharp claws.
You have razor-sharp teeth.
You have supernaturally acute eyesight. (SInv)
You are carnivorous and can eat meat at any time.
You cover ground quickly.
You are covered in fur. (AC +1)
You have a slow metabolism.
Your sharp claws are effective at attacking unaware monsters.


Message History

Press: ? - help, Shift-Dir - straight line, f/p - adder
Aim: an adder (chance to defeat MR: 61%)
The adder is outlined in light.
The adder completely misses you. The adder misses you.
You scratch the adder.
The adder is moderately wounded.
The adder bites you.
* * * LOW HITPOINT WARNING * * *
You are lethally poisoned!
The adder poisons you!
You closely miss the adder.
The adder is moderately wounded.
* * * LOW HITPOINT WARNING * * *
You feel sick. The adder closely misses you.
You barely miss the adder.
The adder is moderately wounded.
The adder barely misses you. The adder misses you.
You closely miss the adder. You bite the adder, but do no damage.
The adder is moderately wounded.
You die...

### ### #.# #.# #.# #.# ###
#########.####.####.#### #
.......................#
#..######.#.####.####.##.# #.#..
#.#.# #.# #.##.#
#.#..######.#.####.####.##.#
..............S@>.....#.##.#
........###.#.###..#..#.##.#
#.#..#..###.#.###..#..#.##.#
#.#........................#
##.#.##......#.###..#..#.##.####
#..............................#
#...###..#..........#..#.##.####
.....................[.........#
...........#.#.###..#..#.#######


You could see an adder (corona).

Vanquished Creatures
  A giant cockroach (D:1)
  2 frilled lizards (D:1)
  3 rats
6 creatures vanquished.

Notes
Turn   | Place    | Note
-------+----------+-------------------------------------------
     0 | D:1      | DeadF the Felid Enchanter began the quest for the Orb.
     0 | D:1      | Reached XP level 1. HP: 7/7 MP: 4/4
   868 | D:2      | Succumbed to an adder's poison

Illustrated notes

Levels and vault maps discovered:
D:1:      saegor_arrival_simple_a, layout_loops_ring, serial_bayou_pond_d
D:2:      layout_basic, yredelemnul_forgotten_temple_becter, first_ration

Action                   || total
-------------------------++-------
Melee: Unarmed           ||    26
       Bite              ||     1
 Cast: Corona            ||     2
 Stab: Sleeping          ||     1
  Eat: Chunk             ||     1
Armor: Skin              ||     2
Dodge: Dodged            ||    21
